[Event "January 9 Early 2024"]
[Site "https://www.chess.com"]
[Date "2024.01.11"]
[Round "2"]
[White "Sadhwani, Raunak"]
[Black "Levitan, Tal"]
[Result "1-0"]
[Board "212"]
[TimeControl "180+1"]
[WhiteFideId "35093487"]
[BlackFideId "2804603"]
[WhiteElo "3078"]
[BlackElo "2514"]
[WhiteTeam "IND"]
[BlackTeam "ISR"]
[WhiteClock "0:00:07"]
[BlackClock "0:00:02"]

1. e3 e5 2. c4 c6 3. Nf3 e4 4. Nd4 d5 5. Nc3 Nf6 6. d3 Bd6 7. cxd5 cxd5 8. dxe4 dxe4 9. Bb5+ Kf8 10. Be2 a6 11. Qc2 Qe7 12. Nxe4 Nc6 13. Nxf6 Nxd4 14. exd4 Qxf6 15. O-O Bf5 16. Qb3 h5 17. Bf3 h4 18. Qxb7 Rb8 19. Qc6 Bg4 20. Be4 h3 21. g3 Rc8 22. Qxa6 g6 23. Bf4 Rd8 24. Bxd6+ Rxd6 25. Qb5 Kg7 26. Qe5 Rxd4 27. Qxf6+ Kxf6 28. Bh1 Rb8 29. b3 Rd2 30. Rfe1 Rc8 31. Be4 Rcd8 32. a4 Rb2 33. a5 Rdd2 34. a6 Rxf2 35. Rf1 1-0

[Event "January 9 Early 2024"]
[Site "https://www.chess.com"]
[Date "2024.01.11"]
[Round "2"]
[White "Ozates, Tuna"]
[Black "Grischuk, Alexander"]
[Result "0-1"]
[Board "213"]
[TimeControl "180+1"]
[WhiteFideId "6354521"]
[BlackFideId "4126025"]
[WhiteElo "2671"]
[BlackElo "3070"]
[WhiteTeam "TUR"]
[BlackTeam "RUS"]
[WhiteClock "0:00:05"]
[BlackClock "0:00:28"]

1. e4 e5 2. Nf3 Nc6 3. Bc4 Bc5 4. c3 Nf6 5. d3 d6 6. Nbd2 O-O 7. O-O a6 8. a4 Ba7 9. h3 h6 10. Re1 Be6 11. Bxe6 fxe6 12. b4 Ne7 13. Nf1 Ng6 14. Ra2 Rf7 15. d4 exd4 16. cxd4 d5 17. exd5 Qxd5 18. Rae2 Re8 19. Ne5 Nxe5 20. dxe5 Qxd1 21. Rxd1 Nd5 22. Bd2 Ref8 23. Be1 Rf4 24. Ng3 Nxb4 25. Bxb4 Rxb4 26. Rd7 Rf7 27. Rxf7 Kxf7 28. Rd2 Ke7 29. Nh5 Bd4 30. g3 Bxe5 31. Re2 Kd6 32. Kg2 Rxa4 33. f4 Bd4 34. g4 Rb4 35. Kf3 c5 36. f5 exf5 37. gxf5 Be5 38. Rg2 b5 39. Nxg7 Bxg7 40. Rxg7 Ke5 41. Ra7 Kxf5 42. Rxa6 Rb3+ 43. Kg2 h5 44. Rc6 Rc3 45. Kf2 b4 46. Ke2 b3 47. Kd2 Rc2+ 48. Kd3 c4+ 0-1

[Event "January 9 Early 2024"]
[Site "https://www.chess.com"]
[Date "2024.01.11"]
[Round "2"]
[White "Sidletskyi, Ivan"]
[Black "Bryakin, Mikhail"]
[Result "1-0"]
[Board "214"]
[TimeControl "180+1"]
[WhiteFideId "14156024"]
[BlackFideId "4165314"]
[WhiteElo "2494"]
[BlackElo "2850"]
[WhiteTeam "UKR"]
[BlackTeam "SRB"]
[WhiteClock "0:00:12"]
[BlackClock "0:00:35"]

1. e4 Nf6 2. e5 Nd5 3. d4 d6 4. Nf3 Bg4 5. Be2 e6 6. h3 Bh5 7. O-O Be7 8. c4 Nb6 9. Nc3 O-O 10. Be3 d5 11. c5 N6d7 12. Nd2 Bxe2 13. Qxe2 Nc6 14. a3 a6 15. b4 b5 16. f4 f5 17. g4 Qb8 18. gxf5 Rxf5 19. Qg4 g6 20. Ne2 Nf8 21. Ng3 Qd8 22. Nxf5 exf5 23. Qe2 Ne6 24. Nf3 Kf7 25. Rfb1 Na7 26. a4 c6 27. Qd3 Nc7 28. axb5 Naxb5 29. Ra5 Ke6 30. Bf2 h6 31. Kf1 g5 32. Ke2 Qe8 33. Rg1 Qh5 34. Kd2 Rb8 35. Ne1 Na7 36. Nc2 gxf4 37. Qe2 Qxh3 38. Ra3 Qh2 39. Rg7 Nab5 40. Ra1 Bh4 41. Bxh4 Qxh4 42. Rag1 1-0

[Event "January 9 Early 2024"]
[Site "https://www.chess.com"]
[Date "2024.01.11"]
[Round "2"]
[White "Prudnykova, Olga"]
[Black "Nouali, Mohamed"]
[Result "0-1"]
[Board "215"]
[TimeControl "180+1"]
[WhiteFideId "14121093"]
[BlackFideId "5502462"]
[WhiteElo "2275"]
[BlackElo "2597"]
[WhiteTeam "ISL"]
[BlackTeam "TUN"]
[WhiteClock "0:00:11"]
[BlackClock "0:00:03"]

1. e4 c5 2. Nf3 Nc6 3. Nc3 g6 4. d4 cxd4 5. Nxd4 Bg7 6. Nb3 a5 7. a4 Nf6 8. Bg5 O-O 9. Qd2 Re8 10. O-O-O d6 11. f3 Be6 12. Kb1 Rc8 13. Bb5 Nd7 14. Nd5 Nb6 15. Be3 Bxd5 16. exd5 Nb4 17. Bxb6 Qxb6 18. c3 Na6 19. Rhe1 Bf6 20. g4 g5 21. h4 h6 22. hxg5 hxg5 23. Rh1 Kg7 24. Bxe8 Qxb3 25. Bb5 Rxc3 26. Qh2 Kf8 27. Rc1 Nb4 28. Rxc3 Qa2+ 29. Kc1 Qa1+ 30. Kd2 Qxb2+ 31. Ke1 Bxc3+ 32. Kf1 Qc1+ 33. Kg2 Qd2+ 34. Kh3 Qe3 35. Qg3 Be5 36. Qg2 Nxd5 37. Rd1 Nf4+ 0-1

[Event "January 9 Early 2024"]
[Site "https://www.chess.com"]
[Date "2024.01.11"]
[Round "2"]
[White "Barp, Alberto"]
[Black "Ambrogi, Agustin"]
[Result "1-0"]
[Board "216"]
[TimeControl "180+1"]
[WhiteFideId "872555"]
[BlackFideId "170933"]
[WhiteElo "2675"]
[BlackElo "2391"]
[WhiteTeam "ITA"]
[BlackTeam "ARG"]
[WhiteClock "0:00:42"]
[BlackClock "0:00:13"]

1. c4 e6 2. b3 d5 3. Bb2 d4 4. Nf3 c5 5. e3 Nc6 6. exd4 cxd4 7. d3 Nf6 8. Be2 Bb4+ 9. Nbd2 e5 10. O-O a5 11. Ne1 O-O 12. Nc2 Bc5 13. a3 Bf5 14. Rb1 Re8 15. f3 Bg6 16. Bc1 Qd6 17. Ne4 Nxe4 18. fxe4 Rf8 19. Bf3 Rab8 20. Qd2 b5 21. b4 axb4 22. axb4 Nxb4 23. Rxb4 Bxb4 24. Qxb4 Qxb4 25. Nxb4 bxc4 26. Nc6 Rb1 27. dxc4 f6 28. Ne7+ Kf7 29. Nd5 Rc8 30. Bd2 Rxf1+ 31. Kxf1 Rxc4 32. g4 Ke6 33. Ke2 Be8 34. Ke1 Bc6 35. Nb4 d3 36. Nxc6 Rxc6 37. Kf2 Ra6 38. Ke3 Ra3 39. Bd1 g6 40. Bf3 f5 41. exf5+ gxf5 42. gxf5+ Kxf5 43. Be4+ Ke6 44. Bxh7 Kd5 45. Be4+ Kc4 46. h4 Ra1 47. h5 Rg1 48. Bxd3+ Kd5 49. Be4+ Ke6 50. Kf2 Rd1 51. Bg5 Rd4 52. Kf3 Ra4 53. h6 Ra3+ 54. Kg4 Ra1 55. h7 Ra8 56. Bxa8 1-0

[Event "January 9 Early 2024"]
[Site "https://www.chess.com"]
[Date "2024.01.11"]
[Round "2"]
[White "Samaganova, Aleksandra"]
[Black "Sharapov, Evgeny"]
[Result "0-1"]
[Board "217"]
[TimeControl "180+1"]
[WhiteFideId "13800221"]
[BlackFideId "14103133"]
[WhiteElo "2340"]
[BlackElo "2535"]
[WhiteTeam "KGZ"]
[BlackTeam "UKR"]
[WhiteClock "0:00:03"]
[BlackClock "0:00:38"]

1. c4 c5 2. Nc3 Nc6 3. g3 g6 4. Bg2 Bg7 5. e3 e5 6. Nge2 Nge7 7. O-O O-O 8. a3 a5 9. Nd5 Nxd5 10. cxd5 Ne7 11. d4 exd4 12. exd4 cxd4 13. Nxd4 d6 14. Bg5 h6 15. Bf4 g5 16. Be3 Ng6 17. Qd2 Ne5 18. Rac1 Ng4 19. Rfe1 Nxe3 20. Rxe3 Qb6 21. Rc4 Bd7 22. Rb3 Qa6 23. Rc7 Bc8 24. Nb5 a4 25. Rb4 Bf5 26. Bf1 Qa5 27. Rxb7 Qd8 28. Nd4 Bg6 29. Nc6 Qf6 30. b3 axb3 31. Rxb3 Kh8 32. Rb8 Raxb8 33. Rxb8 Rxb8 34. Nxb8 Qa1 35. Qe3 Bd4 36. Qe8+ Kh7 37. Kg2 Qa2 38. Qe2 Qxd5+ 39. Kg1 Qb7 40. Qb5 Qa7 41. Nc6 Bxf2+ 42. Kg2 Qe3 43. Qe2 Be4+ 44. Kh3 Qxe2 45. Bxe2 Bxc6 46. a4 Bxa4 47. Kg2 Bc5 48. Bd3+ Kg7 49. Kf3 Bc6+ 50. Kg4 Bd7+ 51. Kh5 f5 0-1

[Event "January 9 Early 2024"]
[Site "https://www.chess.com"]
[Date "2024.01.11"]
[Round "2"]
[White "Eggleston, Thomas A"]
[Black "Pujari, Rucha"]
[Result "0-1"]
[Board "218"]
[TimeControl "180+1"]
[WhiteFideId "412139"]
[BlackFideId "5024528"]
[WhiteElo "2254"]
[BlackElo "2504"]
[WhiteTeam "ENG"]
[BlackTeam "IND"]
[WhiteClock "0:00:03"]
[BlackClock "0:00:09"]

1. e4 e5 2. Nf3 Nc6 3. d4 exd4 4. Nxd4 Qf6 5. Nxc6 Bc5 6. Qd2 dxc6 7. Nc3 Ne7 8. Na4 Bb6 9. Nxb6 axb6 10. Bd3 O-O 11. O-O c5 12. Qe2 Nc6 13. f4 Re8 14. e5 Qe7 15. Qf2 Be6 16. Bd2 f5 17. g4 fxg4 18. f5 Bd5 19. f6 gxf6 20. exf6 Qf7 21. Qf4 Ne5 22. Qg5+ Kh8 23. Bc3 Nf3+ 24. Rxf3 gxf3 25. Qg7+ Qxg7+ 26. fxg7+ Kg8 27. b3 c6 28. a4 Re7 29. Kf2 Rae8 30. Rg1 Re2+ 31. Bxe2 Rxe2+ 32. Kg3 Rxc2 33. Bf6 Kf7 34. Kf4 Rg2 35. Re1 Kxf6 0-1

[Event "January 9 Early 2024"]
[Site "https://www.chess.com"]
[Date "2024.01.11"]
[Round "2"]
[White "Pinero Rodriguez, Carlos Jose"]
[Black "Kazakouski, Valery"]
[Result "0-1"]
[Board "219"]
[TimeControl "180+1"]
[WhiteFideId "3901726"]
[BlackFideId "13507443"]
[WhiteElo "2554"]
[BlackElo "2839"]
[WhiteTeam "VEN"]
[BlackTeam "LTU"]
[WhiteClock "0:00:07"]
[BlackClock "0:00:13"]

1. d4 Nf6 2. Nf3 e6 3. g3 b5 4. Bg2 Bb7 5. O-O c5 6. a4 b4 7. c4 bxc3 8. Nxc3 Na6 9. Be3 Rc8 10. Nb5 Nd5 11. Bd2 Qb6 12. Rc1 Be7 13. Ne5 Nb8 14. Nc4 Qa6 15. e4 Nc7 16. dxc5 Nxb5 17. axb5 Qxb5 18. Nd6+ Bxd6 19. cxd6 Rxc1 20. Qxc1 Nc6 21. Bc3 f6 22. Qe3 O-O 23. h4 Qb6 24. Qxb6 axb6 25. Ra1 b5 26. f4 b4 27. Be1 e5 28. Bf2 Kf7 29. Bh3 exf4 30. gxf4 Re8 31. Re1 Nd8 32. Bc5 Ne6 33. Bxb4 Nxf4 34. Bxd7 Rxe4 35. Rxe4 Bxe4 36. Bc8 Bc6 37. d7 Ne6 38. Bd6 Nd8 39. b4 Ke6 40. Bc5 Bxd7 41. Ba6 Kd5 42. Bd3 h6 43. Bf8 Ne6 44. Bb1 Nxf8 0-1

[Event "January 9 Early 2024"]
[Site "https://www.chess.com"]
[Date "2024.01.11"]
[Round "2"]
[White "Caetano, Hugo Zanotti Mendonca"]
[Black "Limontaite, Simona"]
[Result "0-1"]
[Board "220"]
[TimeControl "180+1"]
[WhiteFideId "2119420"]
[BlackFideId "12802506"]
[WhiteElo "2492"]
[BlackElo "2308"]
[WhiteTeam "BRA"]
[BlackTeam "LTU"]
[WhiteClock "0:00:34"]
[BlackClock "0:00:13"]

1. d4 Nf6 2. c4 e6 3. Nf3 b6 4. a3 Bb7 5. Nc3 Be7 6. Bg5 d5 7. e3 O-O 8. cxd5 Nxd5 9. Bxe7 Qxe7 10. Bd3 Nd7 11. O-O Nxc3 12. bxc3 e5 13. Be2 Rad8 14. a4 exd4 15. cxd4 c5 16. a5 Nf6 17. axb6 axb6 18. Rb1 Rd6 19. Qc1 Bxf3 20. Bxf3 cxd4 21. exd4 Rfd8 22. h3 g6 23. Re1 Qd7 24. Qg5 Kg7 25. h4 h6 26. Qe5 Re8 27. Qg3 Rxe1+ 28. Rxe1 Rxd4 29. h5 Qd6 30. Qxd6 Rxd6 31. hxg6 Kxg6 32. Rb1 Nd7 33. Rb5 Nc5 34. g3 f5 35. Kg2 Kf6 36. Rb1 Ne4 37. Bxe4 fxe4 38. Rb5 Ke7 39. g4 Kd7 40. Kg3 Kc6 41. Re5 Rd3+ 42. Kg2 Kd6 43. Rxe4 b5 44. Rf4 Kc5 45. Rf6 Rd6 46. Rf5+ Kc4 47. f4 b4 48. g5 hxg5 49. fxg5 b3 50. Rf8 Rd5 51. Rg8 b2 52. Rc8+ Kb4 53. Rg8 b1=Q 54. g6 Rg5+ 55. Kf3 Qd3+ 56. Kf4 Qg3+ 57. Ke4 Re5+ 0-1

[Event "January 9 Early 2024"]
[Site "https://www.chess.com"]
[Date "2024.01.11"]
[Round "2"]
[White "Ambartsumova, Karina"]
[Black "Matlakov, Maxim"]
[Result "0-1"]
[Board "221"]
[TimeControl "180+1"]
[WhiteFideId "4166299"]
[BlackFideId "4168003"]
[WhiteElo "2620"]
[BlackElo "2944"]
[WhiteTeam "RUS"]
[BlackTeam "RUS"]
[WhiteClock "0:00:04"]
[BlackClock "0:00:16"]

1. d4 Nf6 2. c4 e6 3. Nc3 d5 4. cxd5 exd5 5. Bg5 c6 6. e3 Bd6 7. Bd3 O-O 8. Nf3 Re8 9. Qc2 h6 10. Bh4 a5 11. O-O Na6 12. a3 Nc7 13. Rae1 Bg4 14. Nd2 Rc8 15. f3 Be6 16. Bf2 b5 17. e4 dxe4 18. fxe4 Ng4 19. e5 Bf8 20. Nf3 Nxf2 21. Qxf2 c5 22. Nxb5 Nd5 23. Rd1 Qb6 24. Nd6 Bxd6 25. exd6 c4 26. Bb1 Qxd6 27. Ne5 Rf8 28. Qc2 f5 29. Qf2 c3 30. bxc3 Rxc3 31. a4 Ne3 32. Rfe1 Nxd1 33. Rxd1 Rfc8 34. Qd2 Qd5 35. h3 R8c7 36. Nf3 Qd6 37. Qf2 Bb3 38. Re1 Bc2 39. Qh4 Bxb1 40. Rxb1 Rc1+ 41. Rxc1 Rxc1+ 42. Ne1 Qe6 43. Kf1 Qe4 44. Qxe4 fxe4 45. Ke2 Ra1 0-1

[Event "January 9 Early 2024"]
[Site "https://www.chess.com"]
[Date "2024.01.11"]
[Round "2"]
[White "Astafurov, Arseniy"]
[Black "Zaksaite, Salomeja"]
[Result "1-0"]
[Board "222"]
[TimeControl "180+1"]
[WhiteFideId "24175218"]
[BlackFideId "12801496"]
[WhiteElo "2538"]
[BlackElo "2341"]
[WhiteTeam "RUS"]
[BlackTeam "LTU"]
[WhiteClock "0:00:13"]
[BlackClock "0:00:01"]

1. c4 g6 2. Nc3 Bg7 3. Nf3 d6 4. d4 Nd7 5. g3 e5 6. Bg2 Ngf6 7. O-O O-O 8. e4 c6 9. Re1 Re8 10. h3 Qc7 11. Be3 exd4 12. Nxd4 Nc5 13. Qc2 a5 14. b3 h6 15. Rab1 Bd7 16. a3 Re7 17. b4 axb4 18. axb4 Ne6 19. Nde2 Ng5 20. Kh2 Rae8 21. f3 Bxh3 22. Bxg5 Bxg2 23. Bxf6 Bxf3 24. Bxe7 Qxe7 25. Qd3 Bg4 26. Rb3 Qe5 27. Nf4 Qg5 28. Nd1 Be5 29. Qe3 d5 30. Nf2 d4 31. Qd2 Bd7 32. N2h3 Qg4 33. Qe2 Bxf4 34. Qxg4 Bxg4 35. gxf4 1-0

[Event "January 9 Early 2024"]
[Site "https://www.chess.com"]
[Date "2024.01.11"]
[Round "2"]
[White "de Lisle, Sarah"]
[Black "Blahynka, Martin"]
[Result "0-1"]
[Board "223"]
[TimeControl "180+1"]
[WhiteFideId "402605"]
[BlackFideId "334766"]
[WhiteElo "1930"]
[BlackElo "2428"]
[WhiteTeam "ENG"]
[BlackTeam "CZE"]
[WhiteClock "0:00:03"]
[BlackClock "0:00:04"]

1. e4 g6 2. d4 Bg7 3. Nf3 d6 4. Nc3 a6 5. Be2 b5 6. a3 Bb7 7. Bf4 Nf6 8. e5 Nd5 9. Nxd5 Bxd5 10. O-O O-O 11. b3 Nd7 12. c4 bxc4 13. bxc4 dxe5 14. Nxe5 Nxe5 15. cxd5 Nd7 16. Bf3 Ra7 17. Qc2 Nb6 18. Qc5 Qd7 19. Rfe1 Bf6 20. Rac1 Rb7 21. Qc6 Qxc6 22. dxc6 Ra7 23. Be5 Kg7 24. d5 Rd8 25. Bxf6+ Kxf6 26. Red1 Rd6 27. Rc5 a5 28. Kf1 Ra8 29. Ke2 a4 30. Kd3 Rad8 31. Kc3 e6 32. Kb4 exd5 33. Rc2 Nc4 34. Rd3 Rb8+ 35. Kc3 Rb3+ 36. Kd4 Rxd3+ 37. Kxd3 Nxa3 38. Rc5 Nc4 39. Kc3 Ne5 0-1

[Event "January 9 Early 2024"]
[Site "https://www.chess.com"]
[Date "2024.01.11"]
[Round "2"]
[White "Carnicelli, Valerio"]
[Black "Velikanov, Alexander"]
[Result "1-0"]
[Board "224"]
[TimeControl "180+1"]
[WhiteFideId "856185"]
[BlackFideId "2039290"]
[WhiteElo "2596"]
[BlackElo "2820"]
[WhiteTeam "ITA"]
[BlackTeam "USA"]
[WhiteClock "0:00:07"]
[BlackClock "0:00:02"]

1. b3 e6 2. Bb2 b6 3. e3 Bb7 4. Nf3 Nf6 5. Be2 g6 6. O-O Bg7 7. c4 O-O 8. a3 d5 9. cxd5 exd5 10. d3 c5 11. Nbd2 Qe7 12. Rc1 Nbd7 13. Rc2 a5 14. a4 Nb8 15. Qa1 Nc6 16. Rcc1 Nb4 17. Rfd1 Rfe8 18. d4 Ne4 19. Nf1 Rac8 20. Bb5 Red8 21. dxc5 Bxb2 22. Qxb2 bxc5 23. Ng3 Nxg3 24. hxg3 d4 25. exd4 Qf6 26. Ne5 cxd4 27. Rxc8 Rxc8 28. Qxd4 Kg7 29. Bc4 Re8 30. Nxf7 Re1+ 31. Kh2 Rxd1 32. Qxd1 Qxf2 33. Qa1+ Qf6 34. Qe5 h5 35. Qc7 Qc6 36. Qe5+ Qf6 37. Qxa5 Qf2 38. Qe5+ Qf6 39. Qc7 Qc6 40. Qxc6 Bxc6 41. Ne5 Bb7 42. Nd3 1-0

[Event "January 9 Early 2024"]
[Site "https://www.chess.com"]
[Date "2024.01.11"]
[Round "2"]
[White "Poddubnyi, Viktor"]
[Black "Grigorov, Grigor"]
[Result "1-0"]
[Board "225"]
[TimeControl "180+1"]
[WhiteFideId "4141989"]
[BlackFideId "2907313"]
[WhiteElo "2432"]
[BlackElo "2858"]
[WhiteTeam "RUS"]
[BlackTeam "BUL"]
[WhiteClock "0:00:14"]
[BlackClock "0:00:09"]

1. e4 c6 2. d4 d5 3. exd5 cxd5 4. c4 Nf6 5. Nc3 Nc6 6. Bg5 dxc4 7. Bxc4 e6 8. Nf3 Be7 9. O-O h6 10. Be3 O-O 11. Qd2 Re8 12. Rad1 Bf8 13. Rfe1 a6 14. Ne5 Ne7 15. a4 Ned5 16. Qe2 Bd7 17. Qf3 Bc6 18. Nxc6 bxc6 19. Ne4 Nxe4 20. Qxe4 a5 21. Rc1 Rb8 22. b3 Qf6 23. Red1 g6 24. Bd2 Bb4 25. Bxh6 Nc3 26. Rxc3 Bxc3 27. Rd3 Bb2 28. Bf4 Rbd8 29. Be5 Qf5 30. Rh3 Kf8 31. Qxf5 exf5 32. Bf6 Re1+ 33. Bf1 Ke8 34. Rh8+ Kd7 35. Rxd8+ Kc7 36. Rf8 Re6 37. Be5+ Kb6 38. Rxf7 Ba3 39. Rf6 Re8 40. Rxg6 Bb4 41. g3 Rd8 42. Bg2 Bc3 43. Rxc6+ 1-0

[Event "January 9 Early 2024"]
[Site "https://www.chess.com"]
[Date "2024.01.11"]
[Round "2"]
[White "Dinu, Dumitru-Daniel"]
[Black "Bazzano, Sebastian"]
[Result "1-0"]
[Board "226"]
[TimeControl "180+1"]
[WhiteFideId "1208403"]
[BlackFideId "104566"]
[WhiteElo "2496"]
[BlackElo "2246"]
[WhiteTeam "ROU"]
[BlackTeam "ARG"]
[WhiteClock "0:00:06"]
[BlackClock "0:00:03"]

1. e4 e6 2. d4 d5 3. Nc3 dxe4 4. Nxe4 Bd7 5. Nf3 Bc6 6. Bd3 Bxe4 7. Bxe4 c6 8. O-O Nf6 9. Bd3 Bd6 10. Re1 Nbd7 11. c3 O-O 12. Qc2 Qc7 13. h3 Bf4 14. Bxf4 Qxf4 15. Ne5 g6 16. Re3 Nxe5 17. dxe5 Nd7 18. Rae1 Rfd8 19. Qe2 Nf8 20. Re4 Qg5 21. h4 Qh6 22. Qf3 Rd7 23. Bc4 Rad8 24. Rf4 Qg7 25. g3 Rd2 26. b4 Nd7 27. Qe3 Nb6 28. Bb3 R2d3 29. Qc5 Qf8 30. Qa5 Nd5 31. Bxd5 R8xd5 32. Qxa7 Rxc3 33. Qxb7 Rd2 34. a4 Rcc2 35. a5 Ra2 36. a6 Ra3 37. Qxc6 Rda2 38. b5 Qd8 39. Rc1 1-0

[Event "January 9 Early 2024"]
[Site "https://www.chess.com"]
[Date "2024.01.11"]
[Round "2"]
[White "Janaszak, Dawid"]
[Black "Ibarra Jerez, Jose Carlos"]
[Result "0-1"]
[Board "227"]
[TimeControl "180+1"]
[WhiteFideId "1119206"]
[BlackFideId "2226332"]
[WhiteElo "2623"]
[BlackElo "2952"]
[WhiteTeam "POL"]
[BlackTeam "ESP"]
[WhiteClock "0:00:05"]
[BlackClock "0:00:08"]

1. e4 c5 2. Nc3 Nc6 3. Bb5 Nd4 4. Nf3 e6 5. O-O a6 6. Bd3 Nc6 7. a3 d5 8. Re1 Be7 9. e5 g5 10. Kh1 g4 11. Ng1 h5 12. b4 c4 13. Bf1 d4 14. Na4 b5 15. Nc5 Bxc5 16. bxc5 Qd5 17. a4 Bb7 18. axb5 axb5 19. Rb1 Qxc5 20. Qe2 Nge7 21. d3 c3 22. Bg5 Ng6 23. Bf6 Rg8 24. Ra1 Kd7 25. Rab1 Qd5 26. Qe4 b4 27. Ne2 Ra2 28. Ng3 Rxc2 29. Nxh5 Qxe4 30. Rxe4 Ra8 31. Bg5 Raa2 32. Nf6+ Kc8 33. Nxg4 Rcb2 34. Rbe1 b3 35. h4 Rxf2 36. Nxf2 Rxf2 37. h5 Nf8 38. Kg1 Ra2 39. h6 b2 40. R4e2 Ra1 41. Bf6 Rxe1 42. Rxe1 c2 43. Bg7 Nh7 44. Be2 c1=Q 45. Rf1 b1=Q 0-1

[Event "January 9 Early 2024"]
[Site "https://www.chess.com"]
[Date "2024.01.11"]
[Round "2"]
[White "Trost, Edvin"]
[Black "Lu, Shanglei"]
[Result "0-1"]
[Board "228"]
[TimeControl "180+1"]
[WhiteFideId "1729519"]
[BlackFideId "8603332"]
[WhiteElo "2611"]
[BlackElo "2943"]
[WhiteTeam "SWE"]
[BlackTeam "CHN"]
[WhiteClock "0:00:02"]
[BlackClock "0:00:29"]

1. e4 c5 2. Nf3 e6 3. Bd3 Nc6 4. O-O g6 5. c3 Bg7 6. Bc2 d5 7. exd5 Qxd5 8. Na3 Nge7 9. Nb5 Qd7 10. d4 a6 11. Na3 cxd4 12. Nc4 dxc3 13. Nd6+ Kf8 14. bxc3 Nd5 15. Ba3 Kg8 16. c4 Ndb4 17. Rb1 a5 18. c5 h6 19. Re1 Nxa2 20. Rb6 Nc3 21. Qd3 Nd5 22. Rbb1 Ncb4 23. Bxb4 Nxb4 24. Qb3 Kh7 25. Rbd1 Qe7 26. h4 Nxc2 27. Qxc2 Bd7 28. h5 Bc6 29. hxg6+ fxg6 30. Nd4 Bxd4 31. Rxd4 Rhf8 32. Re3 Rf6 33. Rd2 Raf8 34. Qc3 a4 35. Rh3 Qg7 36. Qe3 Rf4 37. Qxe6 Qa1+ 38. Kh2 Rxf2 39. Qe7+ Kg8 40. Rxf2 Rxf2 41. Qe6+ Kf8 42. Qc8+ Kg7 43. Qc7+ Kg8 44. Qd8+ Rf8 45. Qe7 Qg7 46. Qe6+ Kh8 47. Rg3 Qf6 48. Qe3 Kg7 49. Kg1 g5 50. Rh3 Qf1+ 51. Kh2 Qxg2# 0-1

[Event "January 9 Early 2024"]
[Site "https://www.chess.com"]
[Date "2024.01.11"]
[Round "2"]
[White "Gholami Orimi, Mahdi"]
[Black "Skatchkov, Valery"]
[Result "0-1"]
[Board "229"]
[TimeControl "180+1"]
[WhiteFideId "12558486"]
[BlackFideId "24195812"]
[WhiteElo "2873"]
[BlackElo "2602"]
[WhiteTeam "IRI"]
[BlackTeam "RUS"]
[WhiteClock "0:00:04"]
[BlackClock "0:00:06"]

1. b3 d5 2. Bb2 Nf6 3. f4 Bg4 4. h3 Bf5 5. Nf3 e6 6. d3 Bb4+ 7. Nbd2 Ne4 8. g4 Bxd2+ 9. Qxd2 Nxd2 10. Kxd2 Bg6 11. Bxg7 Rg8 12. Bb2 Nd7 13. e3 Qe7 14. Be2 O-O-O 15. Rae1 f6 16. Kc1 e5 17. f5 Bf7 18. Nd2 a5 19. Kb1 a4 20. Bd1 Nb6 21. Rhg1 axb3 22. axb3 Kd7 23. h4 Ra8 24. Nf3 Qb4 25. g5 e4 26. dxe4 dxe4 27. Nd4 c5 28. Ne6 Nd5 29. Bg4 Nc3+ 30. Kc1 h5 31. Bh3 Ra2 32. Rd1+ Nxd1 33. Rxd1+ Kc8 34. Bxf6 c4 35. bxc4 Qa3+ 36. Kb1 Re8 37. g6 Qb4+ 38. Kxa2 Bxe6 39. fxe6 Kc7 40. Be5+ Kc6 0-1

[Event "January 9 Early 2024"]
[Site "https://www.chess.com"]
[Date "2024.01.11"]
[Round "2"]
[White "Shkapenko, Pavel"]
[Black "Chernomordik, Pavel"]
[Result "1-0"]
[Board "230"]
[TimeControl "180+1"]
[WhiteFideId "4151933"]
[BlackFideId "2804530"]
[WhiteElo "2759"]
[BlackElo "2433"]
[WhiteTeam "FID"]
[BlackTeam "ISR"]
[WhiteClock "0:00:12"]
[BlackClock "0:00:01"]

1. e4 g6 2. d4 Bg7 3. Nf3 d6 4. Nc3 a6 5. Bc4 e6 6. a4 b6 7. Be3 Bb7 8. Qd2 Nd7 9. Ba2 h6 10. h3 Ngf6 11. e5 Ne4 12. Nxe4 Bxe4 13. exd6 cxd6 14. Qe2 Nf6 15. O-O O-O 16. c4 Bb7 17. Rfd1 Qc7 18. Rac1 Qc6 19. d5 exd5 20. cxd5 Qxa4 21. Bc4 Rfe8 22. Qd3 b5 23. Bb3 Qa5 24. Nd4 Nxd5 25. Nc6 Bxc6 26. Rxc6 Nxe3 27. fxe3 d5 28. Bxd5 Kh8 29. Bxf7 Red8 30. Rd6 Rxd6 31. Qxd6 g5 32. b4 Qa4 33. Bg6 Rf8 34. Bb1 Qb3 35. Kh1 Rf6 36. Qd2 Qc4 37. Bd3 Qd5 38. Qc2 Qe5 39. Be4 Rf8 40. Qc6 Re8 41. Bb1 1-0

[Event "January 9 Early 2024"]
[Site "https://www.chess.com"]
[Date "2024.01.11"]
[Round "2"]
[White "Kleibel, Uwe"]
[Black "Arabidze, Meri"]
[Result "1/2-1/2"]
[Board "231"]
[TimeControl "180+1"]
[WhiteFideId "1270982"]
[BlackFideId "13604040"]
[WhiteElo "2364"]
[BlackElo "2724"]
[WhiteTeam "GER"]
[BlackTeam "GEO"]
[WhiteClock "0:00:32"]
[BlackClock "0:00:03"]

1. e4 c5 2. Nf3 e6 3. g3 Nc6 4. Bg2 Nf6 5. Qe2 e5 6. Nc3 Be7 7. Nd5 d6 8. d3 O-O 9. O-O Be6 10. Nxe7+ Qxe7 11. c3 h6 12. Nh4 d5 13. h3 Qd7 14. Kh2 c4 15. exd5 cxd3 16. Qxd3 Bxd5 17. Rd1 Rad8 18. Be3 Bxg2 19. Qxd7 Rxd7 20. Rxd7 Nxd7 21. Kxg2 Nb6 22. Rd1 Nc4 23. Bc1 Rd8 24. Rxd8+ Nxd8 25. b3 Nd6 26. Be3 Nc6 27. c4 h5 28. Kf1 g6 29. Nf3 f5 30. Ng5 Kg7 31. Ne6+ Kf6 32. Nc5 g5 33. f3 f4 34. gxf4 exf4 35. Bf2 Kf5 36. Ke2 b6 37. Nd3 Nf7 38. c5 bxc5 39. Bxc5 a6 40. b4 g4 41. hxg4+ hxg4 42. fxg4+ Kxg4 43. Nf2+ Kf5 44. a4 Nfe5 45. b5 axb5 46. axb5 Na5 47. b6 Nb7 48. Bd4 Nc6 49. Kd3 Nxd4 50. Kxd4 Ke6 51. Nd3 f3 52. Ke3 Kd6 53. Kxf3 Kc6 54. Nc5 Kxb6 1/2-1/2

[Event "January 9 Early 2024"]
[Site "https://www.chess.com"]
[Date "2024.01.11"]
[Round "2"]
[White "Hamblok, Roel"]
[Black "Matthes, Aaron"]
[Result "1-0"]
[Board "232"]
[TimeControl "180+1"]
[WhiteFideId "209317"]
[BlackFideId "16227310"]
[WhiteElo "2644"]
[BlackElo "2375"]
[WhiteTeam "BEL"]
[BlackTeam "GER"]
[WhiteClock "0:00:12"]
[BlackClock "0:00:01"]

1. e4 b6 2. d4 Bb7 3. Bg5 Bxe4 4. d5 h6 5. Bh4 g5 6. Nc3 Bg6 7. Bg3 d6 8. h4 Bg7 9. Nf3 g4 10. Nd4 Bxd4 11. Qxd4 Nf6 12. h5 Bxc2 13. Rc1 Bf5 14. Nb5 Na6 15. Qa4 Nc5 16. Rxc5 bxc5 17. Nxd6+ Kf8 18. Nxf5 Qxd5 19. Ne3 Qd4 20. Qxd4 cxd4 21. Nf5 c5 22. Bc4 Ne4 23. Bf4 e6 24. Nxh6 Ke7 25. Nxg4 Rag8 26. f3 Nf6 27. Nxf6 Kxf6 28. Kf2 e5 29. Bc1 Re8 30. Rh4 Ke7 31. b3 f6 32. h6 Kd6 33. h7 Re7 34. Bg8 Rg7 35. Rh6 Ke7 36. Ba3 Rhxg8 37. Bxc5+ Ke6 38. hxg8=Q+ Rxg8 39. Bxa7 Ra8 40. Rh7 f5 41. b4 e4 42. a4 Kd5 43. a5 e3+ 44. Ke2 Rc8 45. Rd7+ Kc4 46. Rxd4+ 1-0

[Event "January 9 Early 2024"]
[Site "https://www.chess.com"]
[Date "2024.01.11"]
[Round "2"]
[White "Skiadopoulos, Nikolaos"]
[Black "Teimouri Yadkuri, Shahdad"]
[Result "0-1"]
[Board "233"]
[TimeControl "180+1"]
[WhiteFideId "4200772"]
[BlackFideId "42515467"]
[WhiteElo "1939"]
[BlackElo "2430"]
[WhiteTeam "GRE"]
[BlackTeam "IRI"]
[WhiteClock "0:00:02"]
[BlackClock "0:00:05"]

1. e4 c5 2. Nf3 d6 3. Bb5+ Nd7 4. O-O Nf6 5. e5 dxe5 6. Nxe5 a6 7. Bxd7+ Nxd7 8. Qe2 g6 9. Re1 Bg7 10. Nf3 e5 11. d4 cxd4 12. Nxd4 O-O 13. Nb3 b5 14. Nc3 Bb7 15. Be3 Qc7 16. Rad1 Rfd8 17. Nd5 Bxd5 18. Rxd5 Nf6 19. Rxd8+ Rxd8 20. Rd1 Nd5 21. Bg5 f6 22. Bc1 f5 23. Bg5 Rd7 24. h4 e4 25. g3 Nb6 26. Rxd7 Qxd7 27. c3 Nc4 28. Bc1 Be5 29. Nc5 Qd6 30. b4 Bxc3 31. Nxe4 fxe4 32. Qxe4 Kf7 33. Bh6 Ne5 34. Bf4 Ke6 35. h5 Qd1+ 36. Kg2 Qd5 37. Qxd5+ Kxd5 38. hxg6 hxg6 0-1